 Dungeon Crawl Stone Soup version 0.17.1-1-g73c8601 (webtiles) character file.

415081 Rex the Executioner (level 22, -12/204 (205) HPs)
             Began as a Minotaur Fighter on Dec 26, 2015.
             Was the Champion of Okawaru.
             Mangled by a juggernaut (72 damage)
             ... on level 4 of the Depths.
             The game lasted 03:41:50 (53942 turns).

Rex the Executioner (Minotaur Fighter)             Turns: 53942, Time: 03:41:50

HP:   -12/204 (205) AC: 34    Str: 34    XL:     22   Next: 54%
MP:   25/25         EV: 29    Int:  5    God:    Okawaru [******]
Gold: 2755          SH: 19    Dex: 14    Spells: 0 memorised, 21 levels left

rFire  + . .     SeeInvis .     O - +2 broad axe (elec)
rCold  + . .     Clarity  +     o - +10 scale mail "Buusm" {rCorr Str+2}
rNeg   . . .     SustAt   .     U - +2 shield of Resistance {rF+ rC+ MR+}
rPois  .         Gourm    .     L - +0 hat "Lijad" {Regen+}
rElec  .         Spirit   .     w - +2 cloak {MR+}
rCorr  +         Warding  .     H - +2 pair of gloves {Dex+3}
rMut   .         Stasis   .     K - +2 pair of boots {Fly}
MR     +++..                    c - amulet of clarity
Stlth  ..........               S - +3 ring of evasion
                                i - +5 ring of evasion

@: flying, studying Polearms, extremely resistant to hostile enchantments,
extremely unstealthy
A: retaliatory headbutt, horns 2, slimy green scales 1, strong 1
a: Heroism, Finesse, Renounce Religion, Stop Flying
}: 2/15 runes: barnacled, gossamer


You were on level 4 of the Depths.
You worshipped Okawaru.
Okawaru was exalted by your worship.
You were full.

You visited 9 branches of the dungeon, and saw 45 of its levels.
You visited the Abyss 1 time.
You also visited: Labyrinth and Sewer.

You collected 4519 gold pieces.
You spent 1764 gold pieces at shops.

Inventory:

Hand Weapons
 d - a +2 morningstar of protection
 q - a +2 vampiric war axe
 O - a +2 broad axe of electrocution (weapon)
Missiles
 Z - 8 tomahawks of returning (quivered)
Armour
 o - the +10 scale mail "Buusm" (worn) {rCorr Str+2}
   (Okawaru gifted it to you on level 15 of the Dungeon)

   It affects your strength (+2).
   It protects you from acid and corrosion.
 w - a +2 cloak of magic resistance (worn)
 z - a +2 pair of boots of running
 H - a +2 pair of gloves of dexterity (worn)
 K - a +2 pair of boots of flying (worn)
 L - the +0 hat "Lijad" (worn) {Regen+}
   (You acquired it on level 2 of the Lair of Beasts)

   It increases your rate of regeneration.
 T - a +2 storm dragon armour
 U - the +2 shield of Resistance (worn) {rF+ rC+ MR+}
   (Okawaru gifted it to you on level 1 of the Depths)

   It protects you from fire.
   It protects you from cold.
   It affects your resistance to hostile enchantments.
Jewellery
 c - an amulet of clarity (around neck)
 i - a +5 ring of evasion (left hand)
 t - the ring "Wiuc" {+Inv rN+ MR+ Str-2 Stlth+}
   (You found it on level 4 of the Shoals)

   [ring of protection from magic]

   It affects your strength (-2).
   It protects you from negative energy.
   It affects your resistance to hostile enchantments.
   It lets you turn invisible.
   It makes you more stealthy.
 Q - an uncursed ring of see invisible
 S - a +3 ring of evasion (right hand)
Wands
 j - a wand of digging (6)
 k - a wand of digging (11)
 l - a wand of fire (5)
 n - a wand of fire (2)
 u - a wand of cold (5)
 x - a wand of disintegration (16)
 B - a wand of cold (13)
 I - a wand of invisibility (4)
 V - a wand of disintegration (12)
 Y - a wand of digging (13)
Scrolls
 m - 6 scrolls of blinking
 r - 3 scrolls of fear
 s - 14 scrolls of remove curse
 A - 2 scrolls of fog
 C - 3 scrolls of magic mapping
 G - a scroll of immolation
 J - 11 scrolls of teleportation
 N - 4 scrolls of identify
Potions
 f - a potion of magic
 g - 9 potions of curing
 h - 4 potions of flight
 p - a potion of heal wounds
 D - 3 potions of brilliance
 E - a potion of invisibility
 P - 3 potions of cure mutation
 R - 2 potions of haste
Books
 y - a manual of Polearms
Miscellaneous
 a - a phantom mirror
Comestibles
 b - 12 chunks of flesh
 e - 21 bread rations
 v - 17 meat rations
 F - 19 royal jellies


   Skills:
 + Level 19.0 Fighting
 * Level 25.2 Axes
 - Level 5.5 Throwing
 + Level 19.3 Armour
 + Level 17.4 Dodging
 + Level 19.0 Shields
 - Level 6.2 Invocations
 - Level 6.0 Evocations


You had 21 spell levels left.
You didn't know any spells.

Dungeon Overview and Level Annotations

Branches:
Dungeon (15/15)            Temple (1/1) D:4            Lair (8/8) D:9
 Shoals (4/4) Lair:5       Spider (4/4) Lair:4        Slime (0/6) Lair:6
    Orc (4/4) D:12            Elf (1/3) Orc:4        Vaults (4/5) D:14
  Crypt (0/3) Vaults:3     Depths (4/5) D:15

Altars:
Ashenzari
Cheibriados
Dithmenos
Elyvilon
Fedhas
Gozag
Kikubaaqudgha
Makhleb
Nemelex Xobeh
Okawaru
Qazlal
Ru
Sif Muna
Trog
Vehumet
Xom
Yredelemnul
Zin
The Shining One
Beogh
Jiyva

Shops:
D:4 %   D:5 ?   D:8 [   D:10 %   D:13 !   Orc:4 ?(}*:   Shoals:2 %
Vaults:1 ([   Depths:1 (:**%*

Portals:
Hell: Depths:1 Depths:2 Depths:3 Depths:4
Pandemonium: Depths:3


Innate Abilities, Weirdness & Mutations

You reflexively headbutt those who attack you in melee.
You have a pair of horns on your head.
You are partially covered in slimy green scales (AC +2).
Your muscles are strong. (Str +2)


Message History

You are too injured to fight recklessly!
Unknown command.
You are too injured to fight recklessly!
Unknown command.
You are too injured to fight recklessly!
Unknown command.
You are too injured to fight recklessly!
Unknown command.
You are too injured to fight recklessly!
You are too injured to fight recklessly!
Eat which item? (? for menu, Esc to quit)
The spriggan berserker utters an invocation to Trog.
The polar bear goes berserk!
You block the tengu reaver's attack.
You continue eating.
You block the hellwing's attack. x2
The lich mumbles some strange words.
The lich flickers and vanishes!
Deactivating autopickup; reactivate with Ctrl-A.
A titanic slime creature splits.
The juggernaut hits you!!!!
You die...

####LQi#.#
#############i2.#.##
...
.....L..EQ.bbL1L#...
...
#.############CE#..#...
#.# .e........ #.#
i.#.#.#.#. #.#
#C.JJX.... #.#
##C3{X... #.. #@###.
#### #<..4#..### #
#...Q#.#hi## ..
#....##.#..### #..
#.#.. #..#...## ..
#.... ##..#.#.##.#
#.#.. ##..###..## ....
#.###....# ##.#.#..#.#


You could see a juggernaut, a tengu reaver, a very large slime creature, a slime
creature, an ice devil, a spriggan berserker, 2 large abominations, a polar bear
(berserk) and a hellwing.

Vanquished Creatures
  Mara (Vaults:3)
  A juggernaut (Depths:4)
  Sojobo (Depths:1)
  Boris (Depths:3)
  2 caustic shrikes (Depths:4)
  A golden dragon (Depths:4)
  Nikola (Shoals:1)
  Jory (Depths:3)
  2 tentacled monstrosities (Depths:3)
  5 liches
  2 titans (Depths:3)
  An octopode crusher (Depths:2)
  The ghost of DeXoteric the Champion of Chaos, an adept DsMo of Makhleb (Shoals:4)
  2 sphinxes
  An acid blob (Depths:1)
  2 shadow dragons
  3 tengu reavers
  Ilsuiw (Shoals:4)
  Wiglaf (Depths:3)
  A deep elf sorcerer (Vaults:3)
  8 frost giants
  A frost giant (shapeshifter) (Depths:3)
  9 vault wardens
  6 ghost moths
  2 fire giants
  An iron dragon (Depths:4)
  2 orc warlords (Depths:4)
  Aizul (Vaults:1)
  7 emperor scorpions
  13 ironheart preservers
  7 spriggan defenders
  A juggernaut skeleton (Depths:2)
  A very ugly thing (Depths:3)
  4 deep elf demonologists
  11 stone giants
  Nessos (Lair:5)
  The ghost of Musteatbrain the End of an Era, a journeyman DsFi of Qazlal (D:14)
  2 salamander stormcallers
  The ghost of Timinator the Fighter, a journeyman DDFi of Makhleb (Orc:4)
  5 ettins
  3 deep elf annihilators
  A blizzard demon (Depths:3)
  6 deep elf death magi
  Snorg (Lair:5)
  2 merfolk javelineers
  A crystal guardian (Vaults:3)
  A minotaur (Lab)
  A deep elf high priest (Depths:4)
  4 death oozes (Depths:1)
  5 vault guards
  7 fire dragons
  4 entropy weavers
  13 yaktaur captains
  12 merfolk impalers
  Erolcha (D:13)
  11 great orbs of eyes
  5 ice dragons
  Harold (Lair:4)
  2 ghost crabs (shapeshifter)
  A spriggan air mage (Depths:4)
  4 rakshasas
  3 hydras
  A satyr (Shoals:4)
  5 centaur warriors
  A merfolk avatar (Shoals:4)
  4 death yaks
  2 alligator snapping turtles
  2 dancing weapons (D:14)
  9 ogre magi
  5 vampire magi
  8 deep troll earth magi
  3 tengu warriors
  9 merfolk aquamancers
  15 deep troll shamans
  2 death yaks (shapeshifter)
  A small abomination (Vaults:2)
  5 orc high priests
  Sonja (Lair:1)
  6 deep elf knights
  3 spriggan berserkers (Depths:3)
  Nergalle (Lair:2)
  A fire crab (Lair:7)
  4 hell knights (Depths:3)
  4 iron trolls
  8 skeletal warriors (Vaults:2)
  4 unseen horrors
  12 sea snakes
  A flayed ghost (Depths:3)
  2 giant orange brains
  31 deep trolls
  A death drake (shapeshifter) (Depths:3)
  12 harpies
  5 necromancers
  6 hill giants
  4 deep elf summoners
  7 wizards
  16 orc knights
  6 ironbrand convokers
  20 griffons
  10 orb spiders
  A manticore (shapeshifter) (Vaults:4)
  2 oklob plants (Lair:5)
  5 water nymphs
  33 ugly things
  4 deep elf conjurers
  9 hornets
  7 orc sorcerers
  26 wolf spiders
  10 manticores
  10 cyclopes
  A sixfirhy (Depths:3)
  A mana viper (shapeshifter) (Depths:4)
  6 fauns
  5 black mambas
  An iron dragon skeleton (Depths:2)
  16 vault sentinels
  9 sirens
  Joseph (D:9)
  A centaur zombie (D:13)
  A moth of wrath (Spider:1)
  A fire giant skeleton (Depths:2)
  A torpor snail (Lair:5)
  20 spiny frogs
  An eye of devastation (shapeshifter) (D:15)
  5 spectral swamp worms (Depths:1)
  A kobold demonologist (D:15)
  28 elephants
  2 gargoyles
  An orange demon (Depths:3)
  10 demonic crawlers
  The ghost of Clownie the Sneak, a novice OpFi (Sewer)
  8 komodo dragons
  32 yaktaurs
  3 freezing wraiths
  3 fire drakes
  4 harpy zombies
  4 tengu conjurers
  12 two-headed ogres
  18 jumping spiders
  A yaktaur skeleton (Vaults:3)
  32 merfolk
  An entropy weaver zombie (Vaults:3)
  A polar bear (shapeshifter) (Depths:3)
  A two-headed ogre (shapeshifter) (Vaults:1)
  9 trolls
  8 deep elf priests
  9 polar bears
  A blue devil (Depths:3)
  12 wind drakes
  A queen bee (D:10)
  Grinder (D:4)
  2 raiju (Lair:8)
  28 slime creatures
  14 blink frogs
  2 griffon zombies (Shoals:1)
  A frost giant simulacrum (Vaults:2)
  6 snapping turtles
  43 yaks
  31 tarantellas
  27 trapdoor spiders
  4 boulder beetles
  A fire giant simulacrum (Vaults:2)
  A wraith (D:15)
  36 redbacks
  A redback (shapeshifter) (Vaults:4)
  9 deep elf magi
  6 water elementals
  13 air elementals
  14 vampire mosquitoes
  18 deep elf fighters
  10 hippogriffs
  4 hungry ghosts (Lab)
  8 basilisks
  3 wyverns
  6 spriggans
  2 chaos spawn (Depths:3)
  32 wolves
  8 wargs
  13 insubstantial wisps (D:13)
  15 water moccasins
  10 porcupines
  3 hell hounds (Lair:8)
  6 ice beasts
  18 spiders
  9 boggarts (Depths:3)
  31 orc warriors
  14 black bears
  3 sky beasts
  2 eyes of draining
  A necrophage (D:15)
  8 wasps
  38 ogres
  29 centaurs
  7 big kobolds
  11 crocodiles
  5 gnoll sergeants
  2 elf zombies (D:15)
  15 giant frogs
  4 wyvern zombies
  A wyvern skeleton (D:9)
  2 elf skeletons (D:15)
  A troll zombie (D:15)
  A water moccasin skeleton (D:11)
  8 scorpions
  A hippogriff zombie (Shoals:1)
  32 killer bees
  4 electric eels
  A human zombie (D:15)
  2 quasits (Depths:3)
  11 crimson imps
  8 iguanas
  9 wights
  2 giant frog zombies
  16 hounds
  9 jellies
  Crazy Yiuf (D:6)
  7 centaur skeletons
  24 orc wizards
  20 orc priests
  3 human skeletons
  6 worker ants
  59 sheep
  2 mummies (D:15)
  A hound zombie (D:8)
  A hound skeleton (D:11)
  80 river rats
  10 adders
  12 gnolls
  6 shadow imps
  2 white imps (Depths:3)
  A giant eyeball (shapeshifter) (Vaults:1)
  12 oozes
  2 ufetubi (Depths:3)
  3 worms
  An adder zombie (D:6)
  108 orcs
  A ball python (D:4)
  10 goblins
  12 hobgoblins
  18 jackals
  10 quokkas
  7 bats
  6 giant cockroaches
  7 giant geckos
  5 giant newts
  8 kobolds
  2 quokka zombies (D:6)
  12 rats
  A bush (D:4)
  A butterfly (Lair:4)
  8 crawling corpses
  3 fire vortices
  12 fungi
  13 plants
2001 creatures vanquished.

Vanquished Creatures (collateral kills)
  An ironheart preserver (Vaults:2)
  A deep troll earth mage (Vaults:2)
2 creatures vanquished.

Vanquished Creatures (others)
  Margery (Depths:3)
  A fire giant (Depths:3)
  A fire dragon (Depths:3)
  An ettin (Depths:3)
  An ogre mage (Vaults:3)
  2 merfolk aquamancers (Shoals:2)
  A hell knight (Depths:3)
  19 ball lightnings (D:13)
  A necromancer (Depths:2)
  A jumping spider (Spider:1)
  A demonic crawler (Spider:3)
  2 wind drakes (D:13)
  A swamp worm (shapeshifter) (Depths:3)
  A hound (Lair:8)
  A crawling corpse (Depths:4)
  A fire vortex (Vaults:3)
  3 fungi
  6 plants
45 creatures vanquished.

Grand Total: 2048 creatures vanquished

Notes
Turn   | Place    | Note
--------------------------------------------------------------
     0 | D:1      | Rex the Minotaur Fighter began the quest for the Orb.
     0 | D:1      | Reached XP level 1. HP: 19/19 MP: 0/0
     6 | D:1      | Noticed an iguana
     6 | D:1      | Noticed a queen ant
     6 | D:1      | Noticed a fire giant
   108 | D:1      | Reached XP level 2. HP: 20/27 MP: 1/1
   355 | D:1      | Reached skill level 4 in Armour
   614 | D:1      | Reached XP level 3. HP: 29/33 MP: 2/2
  1062 | D:2      | Reached skill level 1 in Dodging
  1134 | D:2      | Found a faded altar to an unknown god.
  1236 | D:2      | Reached XP level 4. HP: 36/40 MP: 3/3
  2261 | D:4      | Found an iron altar of Okawaru.
  2332 | D:4      | Became a worshipper of Warmaster Okawaru
  2372 | D:4      | Found Jaogunolel's Food Emporium.
  2380 | D:4      | Reached XP level 5. HP: 46/46 MP: 4/4
  2667 | D:4      | Found a staircase to the Ecumenical Temple.
  2745 | D:4      | Noticed Grinder
  2760 | D:4      | Paralysed by Grinder for 7 turns
  2771 | D:4      | Paralysed by Grinder for 6 turns
  2796 | D:4      | Paralysed by Grinder for 6 turns
  2821 | D:4      | Killed Grinder
  2821 | D:4      | Reached * piety under Okawaru
  2821 | D:4      | Reached skill level 5 in Axes
  2821 | D:4      | Reached skill level 5 in Armour
  2821 | D:4      | Reached XP level 6. HP: 19/55 MP: 5/5
  3378 | D:5      | Entered Level 5 of the Dungeon
  3425 | D:5      | Reached skill level 5 in Fighting
  3498 | D:5      | Reached skill level 5 in Shields
  3617 | D:5      | Found a glowing drain.
  3619 | D:5      | Reached XP level 7. HP: 61/61 MP: 6/6
  3643 | Sewer    | Entered a sewer
  3818 | Sewer    | Noticed Clownie's ghost (novice OpFi)
  3830 | Sewer    | Killed Clownie's ghost
  3830 | Sewer    | Reached ** piety under Okawaru
  3830 | Sewer    | Reached skill level 6 in Axes
  3880 | Sewer    | Found a white marble altar of Elyvilon.
  4038 | D:5      | Found Minoutis's Magic Scroll Shop.
  4472 | Temple   | Entered the Ecumenical Temple
  4669 | D:6      | Reached XP level 8. HP: 68/70 MP: 7/7
  4818 | D:6      | Reached skill level 7 in Axes
  4889 | D:6      | Reached skill level 1 in Invocations
  5016 | D:6      | Found a sacrificial altar of Ru.
  5125 | D:6      | Noticed Crazy Yiuf
  5129 | D:6      | Killed Crazy Yiuf
  5523 | D:7      | Reached skill level 8 in Axes
  5813 | D:7      | Reached *** piety under Okawaru
  6039 | D:8      | Reached XP level 9. HP: 78/78 MP: 9/9
  6297 | D:8      | Found Isoyrush's Armour Emporium.
  6302 | D:8      | Reached skill level 5 in Dodging
  6503 | D:8      | Bought a +2 cloak of magic resistance for 322 gold pieces
  6653 | D:8      | Reached skill level 9 in Axes
  7192 | D:8      | Reached **** piety under Okawaru
  7521 | D:9      | Noticed a death yak
  7559 | D:9      | Killed a death yak
  7559 | D:9      | Reached ***** piety under Okawaru
  7559 | D:9      | Reached skill level 10 in Axes
  7559 | D:9      | Reached XP level 10. HP: 32/88 MP: 10/12
  7573 | D:9      | Received a gift from Okawaru
  7853 | D:9      | Found a staircase to the Lair.
  7942 | D:9      | Found an opulent altar of Gozag.
  8142 | D:9      | Noticed Joseph
  8156 | D:9      | Killed Joseph
  8307 | Lair:1   | Entered Level 1 of the Lair of Beasts
  8331 | Lair:1   | Received a gift from Okawaru
  8423 | Lair:1   | Noticed Sonja
  8456 | Lair:1   | Reached skill level 11 in Axes
  8456 | Lair:1   | Reached skill level 5 in Invocations
  8499 | Lair:1   | Killed Sonja
  8584 | Lair:1   | Reached XP level 11. HP: 80/95 MP: 13/13
  8633 | Lair:1   | Found a labyrinth entrance.
  8648 | Lab      | Entered a labyrinth
 10342 | Lab      | Killed an unseen horror
 10446 | Lab      | Noticed a minotaur
 10462 | Lab      | Killed a minotaur
 10473 | Lab      | Got a crude bone ring
 10476 | Lab      | Identified the ring of Dithmenos's Esteem {rN++ MR+++ Int+4 Slay-5} (You found it in a labyrinth)
 10536 | Lair:1   | Got a faintly glowing flail
 10537 | Lair:1   | Identified the cursed +1 flail of Vepnem {speed, rF+} (You found it on level 1 of the Lair of Beasts)
 10744 | Lair:1   | Identified a +1 pair of boots of running (You found it on level 1 of the Lair of Beasts)
 10756 | Lair:1   | Identified a +3 rod of inaccuracy (10/10) (You took it off a minotaur in a labyrinth)
 11292 | Lair:2   | Reached skill level 12 in Axes
 11439 | Lair:2   | Noticed Nergalle
 11464 | Lair:2   | Killed Nergalle
 11794 | Lair:2   | Identified a scroll of acquirement
 11797 | Lair:2   | Got an encrusted hat
 11808 | Lair:2   | Identified the +0 hat "Lijad" {Regen+} (You acquired it on level 2 of the Lair of Beasts)
 12897 | Lair:4   | Reached skill level 10 in Fighting
 12898 | Lair:4   | Reached XP level 12. HP: 94/106 MP: 15/15
 12900 | Lair:4   | Reached skill level 10 in Armour
 13022 | Lair:4   | Noticed a spriggan rider
 13036 | Lair:4   | Reached skill level 13 in Axes
 13044 | Lair:4   | Killed a wasp
 13051 | Lair:4   | Killed a spriggan
 13051 | Lair:4   | Reached skill level 10 in Shields
 13370 | Lair:4   | Noticed Harold
 13385 | Lair:4   | Killed Harold
 13618 | Lair:4   | Found a hole to the Spider Nest.
 13952 | Lair:5   | Noticed Snorg
 13976 | Lair:5   | Killed Snorg
 14053 | Lair:5   | Found a staircase to the Shoals.
 14397 | Lair:5   | Reached skill level 1 in Throwing
 14398 | Lair:5   | Reached ****** piety under Okawaru
 14572 | Lair:5   | Noticed Nessos
 14592 | Lair:5   | Killed Nessos
 15066 | Lair:5   | Reached skill level 14 in Axes
 15374 | Lair:6   | Found a viscous altar of Jiyva.
 15374 | Lair:6   | Found a staircase to the Slime Pits.
 15518 | Lair:6   | Received a gift from Okawaru
 15566 | Lair:6   | Reached XP level 13. HP: 98/116 MP: 16/16
 15882 | Lair:6   | Noticed a five-headed hydra
 15895 | Lair:6   | Killed a six-headed hydra
 16295 | Lair:7   | Received a gift from Okawaru
 16519 | Lair:7   | Received a gift from Okawaru
 16706 | Lair:7   | Got a scorched ring mail
 16717 | Lair:7   | Identified the +5 ring mail "Sionilot" {*Corrode rElec SInv} (You acquired it on level 7 of the Lair of Beasts)
 16980 | Lair:7   | Reached skill level 15 in Axes
 17515 | Lair:8   | Entered Level 8 of the Lair of Beasts
 17660 | Lair:8   | Received a gift from Okawaru
 17665 | Lair:8   | Reached skill level 10 in Dodging
 17944 | Lair:8   | Reached XP level 14. HP: 106/126 MP: 17/17
 17985 | Lair:8   | Reached skill level 5 in Throwing
 18952 | Lair:8   | Received a gift from Okawaru
 19143 | Lair:8   | Received a gift from Okawaru
 19143 | Lair:8   | Reached skill level 16 in Axes
 19148 | Lair:8   | Got an ancient hand axe {god gift}
 19196 | Lair:8   | Identified the +1 hand axe of Watij {freeze, Str+3 Dex-4 SInv} (Okawaru gifted it to you on level 8 of the Lair of Beasts)
 19800 | D:10     | Entered Level 10 of the Dungeon
 19937 | D:10     | Reached skill level 1 in Evocations
 20056 | D:10     | Found Itoxax's Food Boutique.
 20765 | D:5      | Bought a scroll of acquirement for 624 gold pieces
 22156 | D:12     | Found a staircase to the Orcish Mines.
 22247 | D:12     | Received a gift from Okawaru
 22250 | D:12     | Got a slimy war axe {god gift}
 22284 | D:12     | Identified the +0 war axe of Sulphur {elec, Dex+3} (Okawaru gifted it to you on level 12 of the Dungeon)
 23035 | D:13     | Reached XP level 15. HP: 123/134 MP: 18/18
 23072 | D:13     | Noticed Erolcha
 23111 | D:13     | Killed Erolcha
 23141 | D:13     | Found Setes's Distillery.
 24201 | D:13     | Bought a potion of curing for 48 gold pieces
 24201 | D:13     | Bought a potion of curing for 48 gold pieces
 24201 | D:13     | Bought a potion of resistance for 160 gold pieces
 24201 | D:13     | Bought 2 potions of curing for 96 gold pieces
 24537 | D:13     | Received a gift from Okawaru
 25109 | D:14     | Found a gate to the Vaults.
 25115 | D:14     | Reached skill level 17 in Axes
 25393 | D:14     | Noticed Musteatbrain's ghost (journeyman DsFi)
 25430 | D:14     | Killed Musteatbrain's ghost
 25779 | D:15     | Entered Level 15 of the Dungeon
 26807 | D:15     | Found a staircase to the Depths.
 26919 | D:15     | Received a gift from Okawaru
 26939 | D:15     | Got a slimy scale mail {god gift}
 26940 | D:15     | Identified the +10 scale mail "Buusm" {rCorr Str+2} (Okawaru gifted it to you on level 15 of the Dungeon)
 27159 | D:15     | Found a basalt altar of Yredelemnul.
 27391 | Orc:1    | Entered Level 1 of the Orcish Mines
 27865 | Orc:2    | Found a radiant altar of Vehumet.
 28603 | Orc:4    | Entered Level 4 of the Orcish Mines
 28614 | Orc:4    | Noticed Timinator's ghost (journeyman DDFi)
 28639 | Orc:4    | Killed Timinator's ghost
 28776 | Orc:3    | Found a roughly hewn altar of Beogh.
 28950 | Orc:4    | Found a staircase to the Elven Halls.
 29177 | Orc:4    | Found Myahiot's Magic Scroll Shop.
 29188 | Orc:4    | Reached skill level 5 in Evocations
 29404 | Orc:4    | Found Zemopawn's General Store.
 29412 | Orc:4    | Bought a potion of berserk rage for 65 gold pieces
 29713 | Orc:4    | Found Ypedir's Book Shop.
 29714 | Orc:4    | Found Puycoc's Gadget Shoppe.
 29714 | Orc:4    | Found Edosche's Antique Weapon Shoppe.
 29741 | Orc:4    | Bought a scroll of enchant armour for 90 gold pieces
 29810 | Orc:4    | Reached XP level 16. HP: 145/145 MP: 19/19
 29856 | Elf:1    | Entered Level 1 of the Elven Halls
 30210 | Spider:1 | Entered Level 1 of the Spider Nest
 30281 | Spider:1 | Gained mutation: You are partially covered in slimy green scales (AC +2). [potion of beneficial mutation]
 30354 | Spider:1 | Got a pair of steaming boots
 30365 | Spider:1 | Identified the +5 pair of boots "Jenenoss" {*Contam MR++ SInv} (You acquired it on level 1 of the Spider Nest)
 30368 | Spider:1 | Got a twisted cloak
 30379 | Spider:1 | Identified the +0 cloak of Indemnity {Dex+2} (You acquired it on level 1 of the Spider Nest)
 30765 | Spider:1 | Reached skill level 18 in Axes
 31305 | Spider:2 | Received a gift from Okawaru
 32254 | Spider:4 | Entered Level 4 of the Spider Nest
 33044 | Spider:4 | Paralysed by a hornet for 4 turns
 33383 | Spider:4 | Paralysed by a hornet for 3 turns
 33652 | Spider:4 | Reached skill level 19 in Axes
 33674 | Spider:4 | Received a gift from Okawaru
 33677 | Spider:4 | Got a transparent hand axe {god gift}
 33678 | Spider:4 | Identified the +1 hand axe of the Shoals {chop, *Corrode rPois Dex+4} (Okawaru gifted it to you on level 4 of the Spider Nest)
 33838 | Spider:4 | Reached XP level 17. HP: 154/154 MP: 20/20
 34140 | Spider:4 | Received a gift from Okawaru
 34343 | Spider:4 | Got a gossamer rune of Zot
 34889 | Vaults:1 | Entered Level 1 of the Vaults
 34890 | Vaults:1 | Noticed Aizul
 34908 | Vaults:1 | Killed Aizul
 34914 | Vaults:1 | Received a gift from Okawaru
 35179 | Vaults:1 | Reached skill level 15 in Armour
 35228 | Vaults:1 | Reached skill level 15 in Shields
 35232 | Vaults:1 | Reached skill level 15 in Fighting
 35470 | Vaults:1 | Found Jufaj's Book Boutique.
 35559 | Vaults:1 | Received a gift from Okawaru
 35619 | Vaults:1 | Found Qaschya's Antique Weapon Shop.
 35622 | Vaults:1 | Found Caxuss's Armour Shop.
 35637 | Vaults:1 | Bought a +1 pair of gloves of dexterity for 214 gold pieces
 35726 | Vaults:1 | Received a gift from Okawaru
 36097 | Vaults:1 | Received a gift from Okawaru
 36308 | Vaults:2 | Reached skill level 20 in Axes
 36359 | Vaults:2 | Gained mutation: Your muscles are strong. (Str +2) [potion of beneficial mutation]
 36814 | Vaults:2 | Reached XP level 18. HP: 163/163 MP: 21/21
 37104 | Vaults:2 | Got a scorched cloak
 37105 | Vaults:2 | Identified the +2 cloak of the Barracuda {MP+9} (You acquired it on level 2 of the Vaults)
 37229 | Vaults:2 | Received a gift from Okawaru
 38722 | Vaults:3 | Reached skill level 21 in Axes
 38950 | Vaults:3 | Received a gift from Okawaru
 39024 | Vaults:3 | Found a staircase to the Crypt.
 39024 | Vaults:3 | Found a basalt altar of Yredelemnul.
 39025 | Vaults:3 | Found an ancient bone altar of Kikubaaqudgha.
 39318 | Vaults:3 | Cast into the Abyss (a deep elf demonologist)
 39373 | Vaults:3 | Escaped the Abyss
 39944 | Vaults:4 | Noticed Mara
 39953 | Vaults:4 | Noticed Rex's illusion
 39972 | Vaults:3 | HP: 3/166 [Mara/demon trident of venom (19)]
 40214 | Vaults:3 | Noticed Rex's illusion
 40247 | Vaults:3 | Killed Mara
 40409 | Vaults:3 | Reached XP level 19. HP: 113/173 MP: 22/22
 41428 | Vaults:4 | Received a gift from Okawaru
 41428 | Vaults:4 | Reached skill level 15 in Dodging
 41977 | Vaults:4 | Received a gift from Okawaru
 42611 | Vaults:1 | Reached skill level 22 in Axes
 42762 | Depths:1 | Entered Level 1 of the Depths
 42818 | Depths:1 | Noticed Sojobo
 42841 | Depths:1 | Found Ynil's Assorted Antiques.
 42893 | Depths:1 | Killed Sojobo
 42969 | Depths:1 | Found Heugatai's General Store.
 42976 | Depths:1 | Bought a scroll of enchant armour for 97 gold pieces
 43150 | Depths:1 | Got a transparent shield
 43161 | Depths:1 | Identified the +1 shield of Tenacity {rC- MR+ Dex+4 SInv} (You acquired it on level 1 of the Depths)
 43199 | Depths:1 | Found Gusk's Antique Weapon Boutique.
 43200 | Depths:1 | Found Gaeneps's Book Boutique.
 43372 | Depths:1 | Found a gateway to Hell.
 43383 | Depths:1 | Received a gift from Okawaru
 43414 | Depths:1 | Found Fust's Assorted Antiques.
 43450 | Depths:1 | Found Yvorha's Food Emporium.
 43468 | Depths:1 | Reached XP level 20. HP: 182/184 MP: 23/23
 45075 | Shoals:1 | Entered Level 1 of the Shoals
 45245 | Shoals:1 | Reached skill level 23 in Axes
 45536 | Shoals:1 | Noticed Nikola
 45549 | Shoals:1 | Killed Nikola
 46412 | Shoals:2 | Found Xeifon's Food Shoppe.
 46431 | Shoals:2 | Received a gift from Okawaru
 48010 | Shoals:4 | Entered Level 4 of the Shoals
 48015 | Shoals:4 | Noticed DeXoteric's ghost (adept DsMo)
 48044 | Shoals:4 | Killed DeXoteric's ghost
 48057 | Shoals:4 | Received a gift from Okawaru
 48119 | Shoals:4 | Got a barnacled rune of Zot
 48502 | Shoals:4 | Got a glittering amber ring
 48503 | Shoals:4 | Identified the ring "Wiuc" {+Inv rN+ MR+ Str-2 Stlth+} (You found it on level 4 of the Shoals)
 48854 | Shoals:4 | Noticed Ilsuiw
 48872 | Shoals:4 | Received a gift from Okawaru
 48872 | Shoals:4 | Reached XP level 21. HP: 193/193 MP: 17/24
 48897 | Shoals:4 | Killed Ilsuiw
 50071 | Depths:3 | Noticed Wiglaf
 50107 | Depths:3 | Killed Wiglaf
 50560 | Depths:3 | Received a gift from Okawaru
 50674 | Depths:3 | Received a gift from Okawaru
 50716 | Depths:3 | Noticed Jory
 50728 | Depths:3 | Noticed Margery
 50732 | Depths:3 | Reached skill level 24 in Axes
 50749 | Depths:3 | Killed Margery
 50752 | Depths:3 | Killed Jory
 50793 | Depths:3 | Received a gift from Okawaru
 50798 | Depths:3 | Got a crude cloak {god gift}
 50850 | Depths:3 | Identified the +0 cloak of Sutru {-Tele +Fly Regen+ rCorr} (Okawaru gifted it to you on level 3 of the Depths)
 51003 | Depths:3 | Noticed Boris
 51036 | Depths:3 | Killed Boris
 51520 | Depths:3 | Found a one-way gate leading to the halls of Pandemonium.
 51863 | Depths:3 | HP: 8/194 [spriggan air mage/the air[a spriggan defender] (2)]
 52848 | Depths:3 | Received a gift from Okawaru
 52856 | Depths:3 | Reached XP level 22. HP: 177/203 MP: 25/25
 53291 | Depths:4 | Noticed a juggernaut
 53292 | Depths:4 | Noticed a juggernaut
 53550 | Depths:4 | Received a gift from Okawaru
 53677 | Depths:4 | Reached skill level 25 in Axes
 53895 | Depths:4 | Killed a juggernaut
 53895 | Depths:4 | Received a gift from Okawaru
 53942 | Depths:4 | Mangled by a juggernaut

Action                   |  1- 3 |  4- 6 |  7- 9 | 10-12 | 13-15 | 16-18 | 19-21 | 22-24 || total
-------------------------+-------+-------+-------+-------+-------+-------+-------+-------++-------
Melee: War axe           |   103 |   147 |   344 |   720 |  1996 |  1907 |  2160 |   324 ||  7701
       Morningstar       |       |       |       |       |    55 |       |       |       ||    55
       Broad axe         |       |       |       |       |       |       |     3 |    64 ||    67
Invok: Heroism           |       |       |     1 |     3 |     4 |     4 |     4 |     1 ||    17
       Finesse           |       |       |       |     1 |     4 |     2 |     4 |     1 ||    12
Evoke: Wand              |       |       |       |     7 |     2 |     2 |     2 |       ||    13
       Rod               |       |       |       |       |     3 |       |       |       ||     3
  Use: Potion            |     3 |     3 |     5 |     6 |    11 |    19 |     3 |       ||    50
       Scroll            |     1 |    10 |     1 |    16 |    19 |    19 |    13 |     1 ||    80
 Stab: Distracted        |       |       |       |       |       |     1 |       |     1 ||     2
  Eat: Chunk             |     1 |     8 |    12 |    16 |    22 |    24 |    27 |     3 ||   113
       Beef jerky        |       |       |       |     3 |       |     8 |     3 |       ||    14
       Pizza             |       |       |       |     1 |       |     2 |     2 |       ||     5
       Royal jelly       |       |       |       |     1 |       |       |     3 |       ||     4
       Meat ration       |       |       |       |     1 |       |       |       |     1 ||     2
       Fruit             |       |       |       |     3 |    29 |       |     2 |       ||    34
       Bread ration      |       |       |       |       |       |     1 |     1 |       ||     2
